 Dungeon Crawl Stone Soup version 0.18-a0-853-gfe32976 (webtiles) character file.

10553 HrabiaVulpes the Nimble (level 11, -14/47 HPs)
             Began as a Spriggan Venom Mage on Dec 19, 2015.
             Was a High Priest of Sif Muna.
             Demolished by an orc warrior
             ... wielding a +4 war axe
              (20 damage)
             ... on level 11 of the Dungeon on Dec 21, 2015.
             The game lasted 02:03:52 (22759 turns).

HrabiaVulpes the Nimble (Spriggan Venom Mage)      Turns: 22759, Time: 02:03:52

Health: -14/47     AC:  4    Str:  4    XL:     11   Next: 37%
Magic:  24/24      EV: 28    Int: 19    God:    Sif Muna [*****.]
Gold:   722        SH:  0    Dex: 20    Spells: 9 memorised, 0 levels left

rFire  + . .     SeeInvis +     v - +2 whip (flame)
rCold  + + .     Gourm    .     m - +1 robe {rC+ rF+}
rNeg   . . .     Faith    .     (shield restricted)
rPois  .         Spirit   .     (helmet restricted)
rElec  .         Dismiss  .     g - +0 cloak
rCorr  .         Reflect  .     (gloves unavailable)
SustAt .         Harm     .     (boots unavailable)
MR     +....                    (no amulet)
Stlth  +++.......               d - ring of wizardry
                                a - +4 ring of dexterity

@: very quick, somewhat resistant to hostile enchantments, fairly stealthy
A: unfitting armour, see invisible, clumsy 1, cold resistance 1, herbivore 3,
speed 3, slow metabolism 2
a: Channel Energy, Forget Spell, Renounce Religion


You were on level 11 of the Dungeon.
You worshipped Sif Muna.
Sif Muna was extremely pleased with you.
You were full.

You visited 2 branches of the dungeon, and saw 10 of its levels.

You collected 722 gold pieces.

Inventory:

Hand Weapons
 v - a +2 whip of flaming (weapon)
Armour
 g - a +0 cloak (worn)
 m - a +1 robe of resistance (worn)
Magical Staves
 e - an uncursed staff of fire
Jewellery
 a - a +4 ring of dexterity (left hand)
 d - a ring of wizardry (right hand)
Wands
 f - a wand of enslavement (6/24)
 z - a wand of enslavement (4/24)
Scrolls
 j - a scroll of silence {unknown}
 k - a scroll of recharging
 n - 7 scrolls of identify
 q - 3 scrolls of blinking
 w - a scroll of amnesia
 y - a scroll of remove curse
 B - a scroll of magic mapping
 E - a scroll of random uselessness
 G - 3 scrolls of holy word {unknown}
 H - a scroll of enchant weapon {unknown}
Potions
 c - a potion of magic
 l - a potion of heal wounds
 p - a potion of agility {unknown}
 r - a potion of haste
 u - 3 potions of curing
 A - 2 potions of brilliance {unknown}
 C - a potion of berserk rage {unknown}
 D - a potion of degeneration {unknown}
Books
 b - a Young Poisoner's Handbook

   Spells                             Type                      Level
   a - Sting                          Conjuration/Poison           1
   b - Cure Poison                    Poison                       2
   c - Mephitic Cloud                 Conjuration/Poison/Air       3
   d - Olgreb's Toxic Radiance        Poison                       4
   e - Venom Bolt                     Conjuration/Poison           5
 i - a book of Flames

   Spells                             Type                      Level
   a - Flame Tongue                   Conjuration/Fire             1
   b - Throw Flame                    Conjuration/Fire             2
   c - Conjure Flame                  Conjuration/Fire             3
   d - Inner Flame                    Hexes/Fire                   3
   e - Sticky Flame                   Conjuration/Fire             4
   f - Fireball                       Conjuration/Fire             5
 o - an Akashic Record

   Spells                             Type                      Level
   a - Dispersal                      Translocation                6
   b - Malign Gateway                 Summoning/Translocation      7
   c - Disjunction                    Translocation                8
   d - Controlled Blink               Translocation                8
 F - a book of Hinderance

   Spells                             Type                      Level
   a - Confusing Touch                Hexes                        2
   b - Confuse                        Hexes                        3
   c - Gell's Gravitas                Hexes/Translocation          3
   d - Petrify                        Transmutation/Earth          4
   e - Metabolic Englaciation         Hexes/Ice                    5
   f - Yara's Violent Unravelling     Hexes/Transmutation          5
Miscellaneous
 x - a phial of floods
Comestibles
 h - a royal jelly
 s - 3 bread rations
 t - 2 slices of pizza


   Skills:
 + Level 10.8 Dodging
 - Level 3.0 Stealth
 + Level 8.9 Spellcasting
 * Level 7.0 Conjurations
 + Level 5.3 Fire Magic
 + Level 9.2 Poison Magic
 + Level 5.2 Invocations


You couldn't memorise any spells.
You knew the following spells:

 Your Spells              Type           Power        Failure   Level  Hunger
a - Sting                 Conj/Pois      ####         1%          1    None
b - Cure Poison           Pois           #####.....   1%          2    None
c - Mephitic Cloud        Conj/Pois/Air  ####....     1%          3    None
d - Olgreb's Toxic Radia  Pois           #####...     1%          4    ###....
e - Throw Flame           Conj/Fire      ####..       1%          2    None
f - Conjure Flame         Conj/Fire      ####....     1%          3    None
g - Fireball              Conj/Fire      ####......   9%          5    #####..
h - Inner Flame           Hex/Fire       ###.....     4%          3    None
i - Sticky Flame          Conj/Fire      ####....     4%          4    ###....


Dungeon Overview and Level Annotations

Branches:
Dungeon (11/15)            Temple (1/1) D:7            Lair (0/8) D:8
    Orc (0/2) D:10

Altars:
Ashenzari
Cheibriados
Dithmenos
Elyvilon
Fedhas
Gozag
Kikubaaqudgha
Makhleb
Nemelex Xobeh
Okawaru
Pakellas
Qazlal
Ru
Sif Muna
Trog
Vehumet
Xom
Yredelemnul
Zin
The Shining One

Shops:
D:6 *

Annotations:
D:3 Grinder
D:8 Erolcha


Innate Abilities, Weirdness & Mutations

You are tiny and cannot use many weapons and most armour.
You have supernaturally acute eyesight.
You are a herbivore.
You cover ground extremely quickly.
You need consume almost no food.
You are clumsy. (Dex -2)
Your flesh is cold resistant.


Message History

You barely miss the orc warrior.
The orc warrior is heavily wounded.
The orc warrior hits you with an enchanted war axe!
You hit the orc warrior. You burn the orc warrior.
The orc warrior is severely wounded.
The orc warrior barely misses you.
You barely miss the orc warrior.
The orc warrior is severely wounded.
You closely miss the orc warrior.
The orc warrior is severely wounded.
The orc warrior hits you with an enchanted war axe!!
Ouch! That really hurt!
* * * LOW HITPOINT WARNING * * *
You hit the orc warrior but do no damage.
The orc warrior is severely wounded.
The orc warrior misses you.
You closely miss the orc warrior.
The orc warrior is severely wounded.
The orc warrior hits you with an enchanted war axe!!
You die...

.......# #####[.....#######......
.......###...'......'....##......
..<....'...###......####.##..>...
.......##### ###'#### #..'......
#####'## #...# ####...... #.#
#.### ####### ###.#
#####.######### # #...#
#.......#..u..### # ###.###
#.###.#@#.###...# ###### .....###
#...#o#o#)..#.#.# #.....
......>#######.#.###.#.#.# #.....
.....#..##.)...#.....#.#.###.....
.....##..#.#########.#.#...#.....
.....###..[..[[#...#.#.###.#.....
.....# ###.###.#.#.###.# #.......
.....# #...#...#.....# ###.....
##.### #####.######### ######


You could see an orc warrior.

Vanquished Creatures
  2 hill giants
  Pikel (D:6)
  An ugly thing (D:10)
  An elephant (D:8)
  2 trolls (D:10)
  Sigmund (D:3)
  5 yaks (D:10)
  A wyvern (D:10)
  2 hippogriffs
  A hungry ghost (D:7)
  9 orc warriors
  2 water moccasins
  2 ice beasts
  11 ogres
  2 phantoms
  A slave (D:6)
  4 sky beasts
  2 crocodiles (D:8)
  6 giant frogs
  3 centaurs
  5 gnoll sergeants
  4 big kobolds
  A wyvern skeleton (D:7)
  4 scorpions
  15 killer bees
  A centaur zombie (D:3)
  3 wights (D:9)
  11 orc priests
  2 crimson imps
  5 hounds
  6 jellies
  3 orc wizards
  Natasha (thrice) (D:2)
  3 iguanas
  A quasit (D:10)
  Terence (D:2)
  A centaur skeleton (D:11)
  6 worker ants
  A hound skeleton (D:11)
  Robin (D:2)
  4 gnolls (D:10)
  12 adders
  A shadow imp (D:8)
  An ooze (D:1)
  An adder skeleton (D:8)
  4 giant geckos
  37 orcs
  4 giant cockroaches
  17 goblins
  7 hobgoblins
  3 ball pythons
  7 bats
  3 giant newts
  15 kobolds
  7 quokkas
  5 rats
264 creatures vanquished.

Vanquished Creatures (others)
  A wyvern zombie (D:9)
  An orc (D:3)
  A goblin (D:3)
3 creatures vanquished.

Grand Total: 267 creatures vanquished

Notes
Turn   | Place    | Note
--------------------------------------------------------------
     0 | D:1      | HrabiaVulpes the Spriggan Venom Mage began the quest for the Orb.
     0 | D:1      | Reached XP level 1. HP: 9/9 MP: 5/5
   589 | D:1      | Reached XP level 2. HP: 13/13 MP: 4/7
  1914 | D:2      | Reached XP level 3. HP: 6/16 MP: 1/8
  2117 | D:1      | Learned a level 2 spell: Cure Poison
  2121 | D:2      | Noticed Robin
  2609 | D:2      | Reached XP level 4. HP: 21/21 MP: 5/10
  2754 | D:2      | Noticed Terence
  2786 | D:2      | Killed Terence
  2786 | D:2      | Reached skill level 5 in Poison Magic
  3087 | D:2      | Killed Robin
  3414 | D:2      | Reached XP level 5. HP: 24/24 MP: 10/12
  3537 | D:2      | Found an opulent altar of Gozag.
  3546 | D:2      | Noticed Natasha
  3554 | D:2      | Killed Natasha
  3752 | D:3      | Noticed Sigmund
  3769 | D:3      | Killed Sigmund
  3769 | D:3      | Reached skill level 5 in Dodging
  3769 | D:3      | Reached skill level 1 in Conjurations
  3769 | D:3      | Reached XP level 6. HP: 18/28 MP: 3/13
  3913 | D:3      | Found a radiant altar of Vehumet.
  4195 | D:3      | Learned a level 3 spell: Mephitic Cloud
  4200 | D:3      | Learned a level 4 spell: Olgreb's Toxic Radiance
  4203 | D:3      | Learned a level 2 spell: Throw Flame
  4322 | D:3      | Noticed Grinder
  4379 | D:3      | Paralysed by Grinder for 4 turns
  4410 | D:2      | Noticed Natasha
  4416 | D:2      | Killed Natasha
  5028 | D:2      | Noticed Natasha
  5032 | D:2      | Killed Natasha
  5089 | D:2      | Found a snail-covered altar of Cheibriados.
  5091 | D:2      | Found an ancient bone altar of Kikubaaqudgha.
  5230 | D:3      | Reached skill level 6 in Poison Magic
  5327 | D:3      | You fall through a shaft for 3 floors!
  5433 | D:6      | Reached XP level 7. HP: 32/32 MP: 0/15
  5755 | D:6      | Found Tyergh's General Store.
  5828 | D:6      | Reached skill level 5 in Spellcasting
  5828 | D:6      | Reached skill level 1 in Fire Magic
  6030 | D:6      | Found a sparkling altar of Nemelex Xobeh.
  6030 | D:6      | Noticed Pikel
  6172 | D:6      | HP: 1/32 [Pikel/whip of flaming (4)]
  6173 | D:6      | Killed Pikel
  6173 | D:6      | Reached XP level 8. HP: 1/36 MP: 2/17
  6624 | D:6      | Reached skill level 7 in Poison Magic
  6817 | D:6      | Gained mutation: You are clumsy. (Dex -2) [potion of mutation]
  6817 | D:6      | Gained mutation: Your flesh is cold resistant. [potion of mutation]
  6867 | D:6      | Learned a level 3 spell: Conjure Flame
  7173 | D:7      | Found a staircase to the Ecumenical Temple.
  7181 | Temple   | Entered the Ecumenical Temple
  7321 | Temple   | Became a worshipper of Sif Muna the Loreminder
  7721 | D:7      | Reached skill level 1 in Invocations
  8094 | D:7      | Found a shadowy altar of Dithmenos.
  8285 | D:7      | Found a bloodstained altar of Trog.
  8545 | D:7      | Reached * piety under Sif Muna
  8984 | D:7      | Reached XP level 9. HP: 39/39 MP: 11/19
  9724 | D:7      | Found an iron altar of Okawaru.
 10052 | D:8      | Found a stormy altar of Qazlal.
 10938 | D:8      | Noticed an elephant
 11245 | D:8      | Found a staircase to the Lair.
 11245 | D:8      | Noticed Erolcha
 11445 | D:8      | Reached ** piety under Sif Muna
 11445 | D:8      | Reached skill level 8 in Dodging
 12237 | D:8      | Reached skill level 5 in Conjurations
 12539 | D:8      | Killed an elephant
 13428 | D:9      | You fall through a shaft!
 13428 | D:10     | Entered Level 10 of the Dungeon
 13436 | D:10     | Reached XP level 10. HP: 33/44 MP: 12/22
 13913 | D:10     | Noticed a hill giant
 14045 | D:10     | Reached skill level 9 in Dodging
 14414 | D:10     | Reached *** piety under Sif Muna
 15379 | D:10     | Killed a hill giant
 15544 | D:10     | Found a staircase to the Orcish Mines.
 16436 | D:8      | Reached skill level 10 in Dodging
 18256 | D:9      | Reached skill level 5 in Fire Magic
 18610 | D:10     | Reached **** piety under Sif Muna
 18610 | D:10     | Reached XP level 11. HP: 47/47 MP: 9/24
 20095 | D:10     | Reached skill level 5 in Invocations
 20814 | D:10     | Upgraded the game from 0.18-a0-845-gc59c8fa to 0.18-a0-853-gfe32976
 21246 | D:11     | Noticed a hill giant
 21303 | D:11     | Killed a hill giant
 22086 | D:10     | Learned a level 5 spell: Fireball
 22090 | D:10     | Learned a level 3 spell: Inner Flame
 22095 | D:10     | Learned a level 4 spell: Sticky Flame
 22294 | D:11     | Reached ***** piety under Sif Muna
 22759 | D:11     | Demolished by an orc warrior

Vault maps used:
D:1:      minmay_arrival_cross
D:2:      nicolae_overflow_hidden_temple, guppyfry_early_orc_mine, uniq_terence,
          uniq_natasha, uniq_robin
D:3:      fiery_altar_vehumet, uniq_grinder, uniq_sigmund
D:6:      lemuel_doored_altar, serial_shops, shop_fountains, uniq_pikel
D:7:      lemuel_crystal_altar, kennysheep_mini,
          minmay_temple_entry_statues_pillars, grunt_ogre_cave,
          grunt_dithmenos_shadows
D:8:      grunt_qazlal_clouds, david_lair_generic, uniq_erolcha
D:10:     kennysheep_orc_monster_closet_entryway
Temple:   circular_temple_12

Action                   |  1- 3 |  4- 6 |  7- 9 | 10-12 || total
-------------------------+-------+-------+-------+-------++-------
Melee: Dagger            |    42 |    88 |     7 |       ||   137
       Whip              |       |       |    93 |    74 ||   167
 Cast: Sting             |   103 |   111 |   231 |   498 ||   943
       Cure Poison       |       |     1 |     1 |       ||     2
       Throw Flame       |       |    20 |   160 |   190 ||   370
       Olgreb's Toxic Ra |       |       |     2 |       ||     2
       Mephitic Cloud    |       |       |     3 |     3 ||     6
       Conjure Flame     |       |       |     2 |    51 ||    53
       Fireball          |       |       |       |     2 ||     2
       Sticky Flame      |       |       |       |     1 ||     1
  Use: Scroll            |     4 |     3 |     7 |     3 ||    17
       Potion            |     3 |     1 |     5 |       ||     9
 Stab: Sleeping          |       |       |     1 |       ||     1
  Eat: Bread ration      |       |     1 |     1 |     2 ||     4
